 Seeded DCSS version 0.29-a0-902-g0f71de6fce (webtiles) character file.

Game seed: 32220755 (custom seed)

134 purpskrrrp the Cudgeller (level 4, 0/39 HPs)
             Began as a Minotaur Fighter on July 25, 2022.
             Slain by a lemure (7 damage)
             ... led by Pikel
             ... on level 4 of the Dungeon.
             The game lasted 00:10:04 (2535 turns).

purpskrrrp the Cudgeller (Minotaur Fighter)         Turns: 2535, Time: 00:10:07

Health: 0/39       AC:  8    Str: 27    XL:     4   Next: 95%
Magic:  3/3        EV:  9    Int:  5    God:
Gold:   160        SH:  4    Dex:  9    Spells: 3/3 levels left

rFire   . . .      SeeInvis .   g - +9 mace of Division {venom, rN+ Str+4}
rCold   . . .      Faith    +   c - +0 buckler
rNeg    + + .      Spirit   .   b - +0 scale mail
rPois   .          Reflect  .   (helmet unavailable)
rElec   .          Harm     .   (no cloak)
rCorr   .          Rampage  .   (no gloves)
Will    .....                   (no boots)
Stlth   ..........              m - amulet of faith
HPRegen 0.00/turn               j - ring of positive energy
MPRegen 0.08/turn               (no ring)

@: mighty, inhibited regen
A: horns 3, retaliatory headbutt, iridescent scales 1, deterioration 1,
inhibited regeneration
a: no special abilities


You were on level 4 of the Dungeon.
You visited 1 branch of the dungeon, and saw 4 of its levels.

You collected 160 gold pieces.

Inventory:

Hand Weapons
 a - a +0 flail
 g - the +9 mace of Division (weapon) {venom, rN+ Str+4}
   (You found it on level 2 of the Dungeon)

   It poisons the flesh of those it strikes.
   Str:       It affects your strength (+4).
   rN:        It protects you from negative energy.
Missiles
 h - 8 boomerangs (quivered)
Armour
 b - a +0 scale mail (worn)
 c - a +0 buckler (worn)
Jewellery
 j - a ring of positive energy (left hand)
 m - an amulet of faith (around neck)
Scrolls
 k - a scroll of teleportation
 n - a scroll of fear
Potions
 e - 2 potions of degeneration
 f - a potion of heal wounds
 i - a potion of magic {unknown}


   Skills:
 - Level 3.6 Fighting
 + Level 6.3 Maces & Flails
 - Level 3.6 Armour
 - Level 3.6 Shields


You had 3 spell levels left.
You didn't know any spells.
Your spell library contained the following spells:

 Spells                   Type           Power      Damage    Failure   Level
 Apportation              Tloc           0%         N/A       83%         1
 Necrotise                Necr           0%         1d4       83%         1
 Shock                    Conj/Air       0%         1d3       83%         1
 Summon Small Mammal      Summ           0%         N/A       83%         1
 Swiftness                Air            0%         N/A       99%         3
 Airstrike                Air            0%         0-1+      100%        4


Dungeon Overview and Level Annotations

Branches:
Dungeon (4/15)
 Temple: D:4-7

Altars:
Nemelex Xobeh

Annotations:
D:4 Pikel


Innate Abilities, Weirdness & Mutations

You have a pair of large horns on your head.
You reflexively headbutt those who attack you in melee.
You are partially covered in iridescent scales. (AC +2)
Your body sometimes deteriorates upon taking damage.
You do not regenerate when monsters are visible.


Message History

You feel a strange surge of divine interest.
m - an amulet of faith (around neck) Done exploring.
There is a stone staircase leading down here.
You climb downwards.
There is a stone staircase leading up here.
Pikel, Merchant of Souls comes into view.
He is wielding a +1 whip of freezing and carrying a wand of mindburst (15).
Pikel shouts!
You hear a shout! x2
A hobgoblin comes into view.
A lemure comes into view. x2
Throw: 8 boomerangs
Press: ? - help, Q - select action Shift-Dir - straight line, f - Pikel
Aim: Pikel, wielding a +1 whip of freezing, wearing a +0 robe and carrying a wand of mindburst (15) (45% to hit)
You throw a boomerang. The boomerang closely misses Pikel.
The lemure shouts!
The hobgoblin shouts!
The boomerang hits the lemure.
The lemure is moderately wounded.
You hear a shout!
A lemure comes into view.
Throw: 8 boomerangs
Press: ? - help, Q - select action Shift-Dir - straight line, f/p - Pikel
Aim: Pikel, wielding a +1 whip of freezing, wearing a +0 robe and carrying a wand of mindburst (15) (45% to hit)
You throw a boomerang. The boomerang hits Pikel.
Pikel is lightly wounded.
A lemure comes into view.
You feel very mighty all of a sudden. Pikel waves his whip at you.
Pikel zaps a wand.
Your mind is blasted!
Pikel zaps a wand.
Your mind is blasted!
You block the lemure's attack.
You sock the lemure!
The lemure is poisoned.
The lemure is heavily wounded.
Pikel hits you but does no damage. The lemure closely misses you. x2
You furiously retaliate!
You headbutt the lemure! You thump the lemure!
You kill the lemure!
That felt strangely unrewarding.
Pikel zaps a wand.
Your mind is blasted!
Ouch! That really hurt!
* * * LOW HITPOINT WARNING * * *
The lemure hits you!
You die...

#. #. #.########
#.#<.....# .
#.##.....# ... #.
#.....#
.....#5##.....##
....5.K@.........
.....g5#......###
.......#......#
............###
............#
............#
###.#.......#
#.#..#.####


You could see Pikel, 3 lemures and a hobgoblin.

Vanquished Creatures
  A lemure (D:4)
  3 gnolls (D:3)
  4 adders
  A worm (D:2)
  A dart slug (D:1)
  4 orcs (D:3)
  7 bats
  8 endoplasms
  A giant cockroach (D:1)
  4 goblins
  2 hobgoblins (D:1)
  3 jackals (D:1)
  5 ball pythons
  4 frilled lizards
  8 kobolds
  6 rats
62 creatures vanquished.

Notes
Turn   | Place    | Note
-------+----------+-------------------------------------------
     0 | D:1      | purpskrrrp the Minotaur Fighter began the quest for the
                  | Orb.
     0 | D:1      | Reached XP level 1. HP: 19/19 MP: 0/0
    70 | D:1      | Gained mutation: Your body sometimes deteriorates upon
                  | taking damage. [potion of mutation]
    70 | D:1      | Gained mutation: You do not regenerate when monsters are
                  | visible. [potion of mutation]
    70 | D:1      | Gained mutation: You have a pair of large horns on your
                  | head. [potion of mutation]
    70 | D:1      | Gained mutation: You are partially covered in iridescent
                  | scales. (AC +2) [potion of mutation]
   101 | D:1      | Reached skill level 3 in Maces & Flails
   229 | D:1      | Reached XP level 2. HP: 25/26 MP: 1/1
   240 | D:1      | Found a faded altar of an unknown god.
   528 | D:1      | Reached skill level 4 in Maces & Flails
   979 | D:2      | Reached XP level 3. HP: 31/31 MP: 2/2
  1148 | D:2      | Identified the +9 mace of Division {venom, rN+ Str+4}
  1158 | D:2      | Reached skill level 5 in Maces & Flails
  1610 | D:3      | Reached XP level 4. HP: 38/39 MP: 3/3
  1795 | D:3      | Found a sparkling altar of Nemelex Xobeh.
  1908 | D:3      | Reached skill level 6 in Maces & Flails
  2528 | D:4      | Noticed Pikel
  2528 | D:4      | Noticed a lemure
  2528 | D:4      | Noticed a lemure
  2529 | D:4      | Noticed a lemure
  2530 | D:4      | Noticed a lemure
  2535 | D:4      | Killed a lemure
  2535 | D:4      | Slain by a lemure

Illustrated notes

Levels and vault maps discovered:
D:1:      ncdulo_wetmaze, layout_basic, ebering_ecumenical_altar_sacrificial,
          hangedman_feature_mirror, minmay_misc_feat_ornament,
          hangedman_decor_slide_cut
D:2:      layout_basic, minmay_small_reverse_x
D:3:      layout_loops_corners, nemelex_xobeh_ov_fountains_minmay, st_stairs_11
D:4:      layout_basic, minmay_temple_entry_slanted, minmay_gold_behind_fungi,
          uniq_pikel, uniq_natasha, uniq_edmund

Skill      XL: |  1  2  3  4 |
---------------+-------------+-----
Maces & Flails | 3 4 5 6 |  6.3
Fighting       | |  3.6
Armour         | |  3.6
Shields        | |  3.6

Action                   |  1- 3 |  4- 6 || total
-------------------------+-------+-------++-------
Melee: Flail             |    64 |       ||    64
       Headbutt          |     8 |     2 ||    10
       Mace              |    10 |    30 ||    40
Throw: Boomerang         |       |     2 ||     2
  Use: Potion            |     1 |     1 ||     2
       Scroll            |     4 |     4 ||     8
Armor: Scale mail        |    33 |    15 ||    48
Dodge: Dodged            |    27 |    17 ||    44
Block: Buckler           |    14 |     8 ||    22

Table legend: (Time is in decaauts)
 A = Elapsed time spent in this place.
 B = Non-inter-level travel time spent in this place.
 C = Inter-level travel time spent in this place.
 D = Time resting spent in this place.
 E = Time spent auto-exploring this place.
 F = Levels seen in this place.
 G = Mean time per level.
                   A        B        C        D        E       F      G
               +--------+--------+--------+--------+--------+-----+--------+
         Total |   2563 |   2481 |     82 |    116 |   1984 |   4 |  640.8 |
       Dungeon |   2563 |   2481 |     82 |    116 |   1984 |   4 |  640.8 |
               +--------+--------+--------+--------+--------+-----+--------+

Top non-repeatable levels by time:
     D:1: 989 daAuts
     D:3: 959 daAuts
     D:2: 603 daAuts
     D:4: 11 daAuts
